 Dungeon Crawl Stone Soup version 0.25.1-2-g60ff931df9 (webtiles) character file.

Game seed: 7177833722112810997

48 DildoBatman the Magician (level 4, -1/30 HPs)
             Began as a Formicid Wizard on Oct 5, 2020.
             Slain by an orc
             ... wielding a +0 hand axe
              (2 damage)
             ... on level 4 of the Dungeon.
             The game lasted 00:03:31 (1712 turns).

DildoBatman the Magician (Formicid Wizard)          Turns: 1712, Time: 00:03:31

Health: -1/30      AC:  2    Str: 12    XL:     4   Next: 0%
Magic:  8/8        EV: 12    Int: 18    God:
Gold:   23         SH:  0    Dex:  9    Spells: 8/9 levels left

rFire    . . .     SeeInvis +   g - +0 club
rCold    . . .     Gourm    .   (no shield)
rNeg     . . .     Faith    .   a - +0 robe
rPois    .         Spirit   .   (helmet unavailable)
rElec    .         Reflect  .   t - scarf {repulsion}
rCorr    .         Harm     .   (no gloves)
MR       .....                  (no boots)
Stlth    ++........             o - amulet of the acrobat
HPRegen  0.10/turn              (no ring)
MPRegen  0.11/turn              (no ring)

@: repel missiles
A: permanent stasis, dig shafts and tunnels, four strong arms, antennae 3
a: Dig, Shaft Self


You were on level 4 of the Dungeon.
You were hungry.

You visited 1 branch of the dungeon, and saw 3 of its levels.

You collected 23 gold pieces.

Inventory:

Hand Weapons
 g - a +0 club (weapon)
 l - a +0 mace
Missiles
 b - 12 poisoned darts (quivered)
 m - 19 arrows
Armour
 a - a +0 robe (worn)
 k - +0 ice dragon scales
 t - a scarf of repulsion (worn)
Jewellery
 o - an amulet of the acrobat (around neck)
 s - a cursed ring of teleportation {unknown}
Scrolls
 d - a scroll of immolation {unknown}
 e - a scroll of blinking {unknown}
 h - a scroll of amnesia {unknown}
 i - a scroll of identify {unknown}
 n - 2 scrolls of enchant armour {unknown}
 p - a scroll of random uselessness {unknown}
 q - a scroll of remove curse {unknown}
Potions
 c - a potion of invisibility {unknown}
 j - a potion of lignification {unknown}
 r - a potion of might {unknown}
Comestibles
 f - 2 chunks of flesh
 v - 5 rations


   Skills:
 - Level 1.7 Dodging
 - Level 2.4 Stealth
 - Level 3.2 Spellcasting
 * Level 3.1 Conjurations
   Level 1.0 Summonings
   Level 0.8 Translocations


You had 8 spell levels left.
You knew the following spells:

 Your Spells              Type           Power        Failure   Level  Hunger
c - Magic Dart            Conj           ##..         4%          1    None

Your spell library contained the following spells:

 Spells                   Type           Power        Failure   Level  Hunger
 Call Imp                 Summ           #.......     16%         2    ##.....
 Slow                     Hex            #.......     24%         2    ##.....
 Conjure Flame            Conj/Fire      #.......     26%         3    ###....
 Mephitic Cloud           Conj/Pois/Air  #.......     30%         3    ###....
 Blink                    Tloc           Unusable     N/A         2    N/A

Dungeon Overview and Level Annotations

Branches:
Dungeon (2/15)

Altars:


Innate Abilities, Weirdness & Mutations

You cannot be hasted, slowed, berserked, paralysed or teleported.
You can dig through walls and to a lower floor.
Your four strong arms can wield two-handed weapons with a shield.
You have a pair of large antennae on your head. (SInv)


Message History

The orc closely misses you. What are your orders? t - Shout!
Orders for allies: a - Attack new target. r - Retreat! s - Stop attacking. g - Guard the area. f - Follow me.
Anything else - Cancel.
You shout for attention!
The quokka skeleton barely misses you. The orc misses you.
What are your orders? t - Shout!
Orders for allies: a - Attack new target. r - Retreat! s - Stop attacking. g - Guard the area. f - Follow me.
Anything else - Cancel.
You shout for attention!
The quokka skeleton bites you. The orc hits you with a +0 hand axe.
You die...

......#
#......#
#......#
#......#
#......#
##......#
#.......#
+@o.....#
#.Z.....#
##......#
...###.#####
............#
............#
............#
............#
............#


You could see an orc and a quokka skeleton.

Vanquished Creatures
  3 dart slugs (D:1)
  A leopard gecko (D:1)
  A ball python (D:1)
  4 bats (D:1)
  2 giant cockroaches (D:1)
  9 hobgoblins
  4 jackals (D:1)
  A quokka (D:2)
  3 frilled lizards (D:1)
  2 goblins (D:1)
  2 kobolds (D:1)
  5 rats (D:1)
37 creatures vanquished.

Notes
Turn   | Place    | Note
-------+----------+-------------------------------------------
     0 | D:1      | DildoBatman the Formicid Wizard began the quest for the
                  | Orb.
     0 | D:1      | Reached XP level 1. HP: 13/13 MP: 4/4
    32 | D:1      | Reached skill level 1 in Conjurations
   219 | D:1      | Reached XP level 2. HP: 19/19 MP: 4/6
   444 | D:1      | Reached XP level 3. HP: 19/24 MP: 0/7
  1639 | D:2      | Reached XP level 4. HP: 30/30 MP: 0/8
  1642 | D:2      | You fall into a shaft and drop 2 floors!
  1712 | D:4      | HP: 1/30 [quokka skeleton (3)]
  1712 | D:4      | Slain by an orc

Illustrated notes

Levels and vault maps discovered:
D:1:      minmay_arrival_up_and_down, layout_basic, minmay_small_reverse_x
D:2:      layout_loops_ring, chequers_ecumenical_altar_island
D:4:      layout_gridville, yredelemnul_altar_generic,
          minmay_temple_entry_overgrown

Skill      XL: |  1  2  3 |
---------------+----------+-----
Conjurations   | 1 2 3 |  3.1
Dodging        | |  1.7
Stealth        | |  2.4
Spellcasting   | |  3.2
Summonings     | |  1.0
Translocations | |  0.8

Action                   |  1- 3 |  4- 6 || total
-------------------------+-------+-------++-------
Melee: Club              |    15 |       ||    15
Throw: Dart              |    30 |       ||    30
 Cast: Magic Dart        |    68 |     1 ||    69
 Abil: Dig               |     2 |     1 ||     3
       Shaft Self        |       |     1 ||     1
  Eat: Chunk             |     2 |       ||     2
Armor: Robe              |    11 |     7 ||    18
Dodge: Dodged            |    43 |    39 ||    82
